 Dungeon Crawl Stone Soup version 0.30.1-9-gdf580d7c3d (webtiles) character file.

Game seed: 503810668751342057

158 CaptainMV the Magician (level 5, -6/37 HPs)
             Began as a Demonspawn Wanderer on Sept 25, 2023.
             Mangled by Blork the orc
             ... wielding a +0 mace
              (8 damage)
             ... on level 4 of the Dungeon.
             The game lasted 00:21:04 (2222 turns).

CaptainMV the Magician (Demonspawn Wanderer)        Turns: 2222, Time: 00:21:05

Health: -6/37      AC:  4    Str: 13    XL:     5   Next: 16%
Magic:  2/11       EV: 16    Int: 17    God:
Gold:   158        SH:  0    Dex: 10    Spells: 8/12 levels left

rFire   . . .        a - +4 hammer
rCold   . . .        (no shield)
rNeg    . . .        e - +0 robe
rPois   .            (no helmet)
rElec   .            (no cloak)
rCorr   .            (no gloves)
SInv    .            (no boots)
Will    .....        (no amulet)
Stlth   +            f - +5 ring of evasion
HPRegen 0.26/turn    (no ring)
MPRegen 0.12/turn

%: no passive effects
@: mighty, flying
A: powered by pain 1, sharp scales 2, weakness stinger 1
a: no special abilities


You were on level 4 of the Dungeon.
You visited 1 branch of the dungeon, and saw 4 of its levels.

You collected 158 gold pieces.

Inventory:

Hand Weapons
 a - a +4 hammer (weapon)
 c - a +0 dagger
 q - a +0 short sword
 s - a +0 mace
Missiles
 b - 15 poisoned darts (quivered)
 g - 5 boomerangs
Armour
 e - a +0 robe (worn)
Jewellery
 f - a +5 ring of evasion (left hand)
 m - a ring of willpower
Scrolls
 d - a scroll of fear
 h - 2 scrolls of enchant weapon {unknown}
 n - a scroll of identify
 o - a scroll of noise {unknown}
 p - a scroll of immolation
Potions
 i - a potion of flight
 j - a potion of might
 k - a potion of berserk rage {unknown}
 l - 2 potions of brilliance {unknown}
 r - 2 potions of mutation {unknown}


   Skills:
 + Level 1.0 Fighting
 + Level 2.4 Maces & Flails
 + Level 1.0 Throwing
 + Level 0.5 Dodging
 + Level 1.2 Stealth
 + Level 4.3 Spellcasting
 + Level 1.9 Earth Magic
 + Level 2.1 Evocations


You had 8 spell levels left.
You knew the following spells:

 Your Spells              Type           Power      Damage    Failure   Level
a - Sandblast             Erth           20%        2d7       7%          1
b - Vampiric Draining     Necr           3%         2d6       41%         3

Your spell library contained the following spells:

 Spells                   Type           Power      Damage    Failure   Level
 Slow                     Hex            12%        N/A       16%         1
 Sting                    Tmut/Pois      12%        1d3       16%         1
 Call Canine Familiar     Summ           3%         N/A       43%         3
 Confusing Touch          Hex            3%         N/A       43%         3


Dungeon Overview and Level Annotations

Branches:
Dungeon (4/15)
 Temple: D:4-7

Altars:
Kikubaaqudgha
Makhleb
Trog

Annotations:
D:4 Blork the orc, Robin


Innate Abilities, Weirdness & Mutations

You sometimes gain a little power by taking damage.
You are mostly covered in razor-sharp scales. (AC +2, Slay +2)
You have a small tail.


Message History

Casting: Sandblast (safe; 7% risk of failure)
Confirm with . or Enter, or press ? or * to list all spells.
Aiming: Sandblast (safe; 7% risk of failure)
Press: ? - help, Shift-Dir - straight line, f - Blork the orc
Aim: Blork the orc, wielding a +0 mace and wearing a +0 robe (fast, 84% to hit)
The blast of sand hits Blork the orc.
Blork the orc is lightly wounded.
Blork the orc begins to cast a cantrip, but forgets the words!
Casting: Sandblast (safe; 7% risk of failure)
Confirm with . or Enter, or press ? or * to list all spells.
Aiming: Sandblast (safe; 7% risk of failure)
Press: ? - help, Shift-Dir - straight line, f - goblin
Aim: a goblin, wielding a +0 dagger (strong, 77% to hit)
The blast of sand hits the goblin!
You kill the goblin!
Blork the orc casts a spell at you. The puff of flame hits you.
* * * LOW HITPOINT WARNING * * *
Casting: Sandblast (safe; 7% risk of failure)
Confirm with . or Enter, or press ? or * to list all spells.
Aiming: Sandblast (safe; 7% risk of failure)
Press: ? - help, Shift-Dir - straight line, f - hobgoblin
Aim: a hobgoblin (strong, 82% to hit)
The blast of sand hits the hobgoblin.
The hobgoblin is heavily wounded.
You sock the hobgoblin!
You kill the hobgoblin!
Blork the orc closely misses you.
A goblin comes into view. It is wielding a +0 dagger.
Blork the orc points at you and mumbles some strange words.
The magic dart hits you.
* * * LOW HITPOINT WARNING * * *
It was a potion of flight.
You feel very buoyant.
You fly up into the air.
Blork the orc misses you.
It was a potion of might.
You feel mightier all of a sudden.
The goblin no longer looks unusually strong.
Blork the orc hits you with a +0 mace!
You die...

###.......## ###)))# ..
##...).).####)))).#
#..##....)P..#))##)))#
#.........P)#)### ####
........####### ..#####.# ##
. ##)################g.#.g
##....#..##..##.#.g......
..#...........@#...o..g....
................ogg##.......
.............######...gg.....
..#.##.......# #.......... .
#.#..##....# #....###..#
..... ##...# #....<# ##
....#. ....# #...#... ..###
#....# #...#...# .. #.....
...## .##


You could see Blork the orc (fast), Robin and 3 goblins.

Vanquished Creatures
  Crazy Yiuf (D:4)
  An orc wizard (D:4)
  A gnoll (D:1)
  A worm (D:3)
  2 dart slugs
  4 orcs (D:4)
  5 bats
  8 endoplasms
  6 giant cockroaches
  12 goblins
  7 hobgoblins
  6 kobolds
  5 quokkas
  7 ball pythons
  A frilled lizard (D:3)
  9 rats
76 creatures vanquished.

Notes
Turn   | Place    | Note
-------+----------+-------------------------------------------
     0 | D:1      | CaptainMV the Demonspawn Wanderer began the quest for the
                  | Orb.
     0 | D:1      | CaptainMV set off with the following items: a +0 mace, 9
                  | poisoned darts, a +0 dagger, a scroll of fear, a +0 robe;
                  | and the following spells available to memorise: Sandblast,
                  | Slow, Sting, Call Canine Familiar.
     0 | D:1      | Reached XP level 1. HP: 13/13 MP: 4/4
     2 | D:1      | Learned a level 1 spell: Sandblast
   238 | D:1      | Reached skill level 1 in Earth Magic
   310 | D:1      | Gained mutation: You are partially covered in razor-sharp
                  | scales. (AC +1, Slay +1) [demonic ancestry]
   310 | D:1      | Reached XP level 2. HP: 19/19 MP: 4/6
   794 | D:1      | Gained mutation: You have a small tail. [demonic ancestry]
   794 | D:1      | Reached XP level 3. HP: 24/24 MP: 4/8
  1159 | D:2      | Reached skill level 4 in Spellcasting
  1520 | D:3      | Gained mutation: You are mostly covered in razor-sharp
                  | scales. (AC +2, Slay +2) [demonic ancestry]
  1520 | D:3      | Reached XP level 4. HP: 31/31 MP: 10/10
  1719 | D:3      | Noticed a moth of wrath
  1722 | D:3      | Found a bloodstained altar of Trog.
  1834 | D:3      | Found an ancient bone altar of Kikubaaqudgha.
  2078 | D:4      | Found a burning altar of Makhleb.
  2078 | D:4      | Noticed a cacodemon
  2111 | D:4      | Learned a level 3 spell: Vampiric Draining
  2150 | D:4      | Found a runed translucent door.
  2151 | D:4      | Noticed Crazy Yiuf
  2158 | D:4      | Killed Crazy Yiuf
  2181 | D:4      | Reached skill level 1 in Fighting
  2181 | D:4      | Gained mutation: You sometimes gain a little power by
                  | taking damage. [demonic ancestry]
  2181 | D:4      | Reached XP level 5. HP: 17/37 MP: 0/11
  2209 | D:4      | Noticed Blork the orc
  2211 | D:4      | Noticed Robin
  2222 | D:4      | Mangled by Blork the orc

Illustrated notes

Levels and vault maps discovered:
D:1:      eino_arrival_cavern_a, layout_basic, minmay_three_crescents
D:2:      layout_loops_ring, chequers_serial_rivers_small_3
D:3:      layout_basic, mainiacjoe_overflow_surrounded_room, tgw_trog,
          kiku_gazebo_pond_becter, serial_bayou, serial_bayou_pond_e,
          serial_bayou_shore_a, serial_bayou_lagoon_b, serial_bayou_lagoon_a,
          hangedman_abyss_or_decor_lesser_grid, st_stairs_6
D:4:      layout_cave_pools, makhleb_altar_promises_db, general_overflow_altar,
          uniq_robin, uniq_blork_the_orc, uniq_crazy_yiuf_cottage

Skill      XL: |  1  2  3  4 |
---------------+-------------+-----
Earth Magic    | 1 |  1.9
Spellcasting   | 4 |  4.3
Maces & Flails | 2 |  2.4
Fighting       | 1 |  1.0
Throwing       | |  1.0
Dodging        | |  0.5
Stealth        | |  1.2
Evocations     | |  2.1

Action                     |  1- 3 |  4- 6 || total
---------------------------+-------+-------++-------
  Melee: Mace              |    81 |    55 ||   136
         Punch             |     1 |     1 ||     2
         Tailslap          |     2 |    11 ||    13
   Cast: Sandblast         |    33 |    15 ||    48
         Vampiric Draining |       |     2 ||     2
    Use: Scroll            |     3 |       ||     3
         Potion            |       |     2 ||     2
 Armour: Robe              |    20 |     9 ||    29
  Dodge: Dodged            |    97 |    39 ||   136
